 Dungeon Crawl Stone Soup version 0.30.0-5-g1a98f26d00 (webtiles) character file.

Game seed: 8516125229381754619

4193 buriedalive the Nimble (level 10, -7/59 HPs)
             Began as a Deep Elf Ice Elementalist on May 8, 2023.
             Was a Follower of Vehumet.
             Killed from afar by an electric eel (12 damage)
             ... with a bolt of electricity
             ... on level 8 of the Dungeon.
             The game lasted 00:24:25 (12545 turns).

buriedalive the Nimble (Deep Elf Ice Elementalist) Turns: 12545, Time: 00:24:26

Health: -7/59      AC:  8    Str:  5    XL:     10   Next: 8%
Magic:  12/19      EV: 15    Int: 25    God:    Vehumet [*.....]
Gold:   521        SH:  0    Dex: 15    Spells: 8/19 levels left

rFire   + . .        B - +3 whip (elec)
rCold   . . .        (no shield)
rNeg    . . .        f - +2 leather armour {rF+}
rPois   .            z - +0 helmet
rElec   .            k - +1 cloak {rCorr}
rCorr   +            (no gloves)
SInv    .            (no boots)
Will    ++...        (no amulet)
Stlth   ++           q - ring of willpower
HPRegen 0.29/turn    (no ring)
MPRegen 0.16/turn

%: no passive effects
@: no status effects
A: no striking features
a: Renounce Religion


You were on level 8 of the Dungeon.
You worshipped Vehumet.
Vehumet was aware of your devotion.
You visited 2 branches of the dungeon, and saw 9 of its levels.

You collected 521 gold pieces.

Inventory:

Hand Weapons
 d - a +0 whip
 e - a +0 dagger
 g - a +0 dagger
 y - a +2 dagger of venom
 B - a +3 whip of electrocution (weapon)
Missiles
 c - 139 stones
 w - 21 poisoned darts
Armour
 a - a +1 robe
 f - a +2 leather armour of fire resistance (worn)
 k - a +1 cloak of preservation (worn)
 z - a +0 helmet (worn)
Jewellery
 q - a ring of willpower (left hand)
 C - a ring of flight
Wands
 v - a wand of polymorph (6)
Scrolls
 l - 3 scrolls of silence
 m - 7 scrolls of teleportation
 n - a scroll of enchant weapon
 x - 2 scrolls of fog
 E - a scroll of blinking
 F - a scroll of poison {unknown}
Potions
 b - 2 potions of magic
 h - a potion of mutation
 i - a potion of ambrosia
 j - 2 potions of invisibility
 o - 6 potions of curing
 p - 2 potions of brilliance
 r - 4 potions of flight
 s - a potion of attraction {unknown}
 t - a potion of heal wounds
 u - 3 potions of might
 A - a potion of haste
 D - a potion of degeneration {unknown}


   Skills:
 + Level 5.3 Fighting
 - Level 10.0 Dodging
 - Level 2.4 Stealth
 - Level 5.0 Spellcasting
 + Level 7.4 Summonings
 - Level 9.0 Ice Magic


You had 8 spell levels left.
You knew the following spells:

 Your Spells              Type           Power      Damage    Failure   Level
a - Freeze                Ice            100%       1d10      1%          1
b - Ozocubu's Armour      Ice            50%        N/A       1%          3
c - Frozen Ramparts       Ice            100%       1d16      1%          3
d - Summon Ice Beast      Ice/Summ       47%        N/A       4%          4

Your spell library contained the following spells:

 Spells                   Type           Power      Damage    Failure   Level
 Shock                    Conj/Air       24%        1d4       14%         1
 Beastly Appendage        Tmut           12%        N/A       14%         1
 Blink                    Tloc           12%        N/A       21%         2
 Lesser Beckoning         Tloc           12%        N/A       21%         2
 Momentum Strike          Conj/Tloc      12%        3d8       21%         2
 Passwall                 Tmut/Erth      5%         N/A       21%         2
 Sublimation of Blood     Necr           6%         N/A       21%         2
 Wereblood                Tmut           6%         N/A       21%         2
 Ice Form                 Ice/Tmut       28%        N/A       22%         4
 Portal Projectile        Hex/Tloc       12%        N/A       38%         3
 Spider Form              Tmut/Pois      6%         N/A       38%         3
 Tukima's Dance           Hex            6%         N/A       38%         3
 Volatile Blastmotes      Fire/Tloc      12%        2d11      38%         3
 Cause Fear               Hex            3%         N/A       80%         4
 Fulminant Prism          Conj/Hex       3%         3d5       80%         4
 Iskenderun's Mystic Bla  Conj/Tloc      6%         2d4       80%         4
 Petrify                  Tmut/Erth      6%         N/A       80%         4
 Blade Hands              Tmut           3%         N/A       98%         5
 Irradiate                Conj/Tmut      3%         3d12      98%         5
 Lee's Rapid Deconstruct  Erth           3%         3d5*      98%         5
 Iron Shot                Conj/Erth      3%         9d2       100%        6


Dungeon Overview and Level Annotations

Branches:
Dungeon (8/15)             Temple (1/1) D:6
   Lair: D:8-11

Altars:
Ashenzari
Cheibriados
Dithmenos
Elyvilon
Fedhas
Gozag
Kikubaaqudgha
Makhleb
Nemelex Xobeh
Okawaru
Qazlal
Ru
Sif Muna
Trog
Uskayaw
Vehumet
Wu Jian
Xom
Yredelemnul
Zin
The Shining One

Shops:
D:2 :


Message History

Items here: )) [[.
There is an open door here.
There is an open door here.
You open the door.
There is an open door here.
As you open the door, it creaks loudly!
An electric eel comes into view.
Casting: Summon Ice Beast (dangerous; 4% risk of failure)
Confirm with . or Enter, or press ? or * to list all spells.
A chill wind blows around you.
The electric eel shoots out a bolt of lightning at you!
The bolt of electricity hits you!
The bolt of electricity hits your ice beast!
What are your orders? t - Shout!
Orders for allies: a - Attack new target. r - Retreat! s - Stop attacking. g - Guard the area. f - Follow me.
Anything else - Cancel.
Gang up on whom?
Press: ? - help, Dir - move target, f - electric eel
Aim: an electric eel (water, ally target) Attack!
There is an open door here.
The electric eel shoots out a bolt of lightning at you!
The bolt of electricity hits you. The bolt of electricity hits you!
Casting: Summon Ice Beast (dangerous; 4% risk of failure)
Confirm with . or Enter, or press ? or * to list all spells.
A chill wind blows around you.
Your ice beast disappears in a puff of smoke!
The electric eel shoots out a bolt of lightning at you!
The bolt of electricity hits you! The bolt of electricity misses you.
The electric eel shoots out a bolt of lightning at you!
The bolt of electricity hits you!
* * * LOW HITPOINT WARNING * * *
The bolt of electricity hits you!
* * * LOW HITPOINT WARNING * * *
The electric eel shoots out a bolt of lightning at you!
The bolt of electricity hits you!
You die...

################
#.......#.......
#.......#.....
........#..###+# ###
.≈≈≈≈..Y'..##..#######..
≈##S..@#........#...#..
##≈####..##....'...'.. #≈≈#
##..##..#######.. ≈≈#
#...############# ≈≈#
#........#....... # ######≈#
#........+....... ##
#≈##≈≈≈##≈# #...##..#########
.##
#≈≈≈≈≈≈≈≈≈#####'##..#######..
..#
#.....#.................[#..


You could see an electric eel (ally target) and a friendly ice beast (summoned).

Vanquished Creatures
  A two-headed ogre (D:8)
  Grinder (D:6)
  Sigmund (D:3)
  A steam dragon (D:7)
  Menkaure (D:6)
  An acid dragon (D:6)
  2 orc warriors (D:7)
  2 black bears (D:7)
  2 ice beasts (D:7)
  3 phantoms
  2 kobold brigands (D:8)
  Blork the orc (D:6)
  A bullfrog (D:7)
  A gnoll sergeant (D:7)
  3 scorpions
  8 wights
  Crazy Yiuf (D:6)
  A jelly (D:5)
  3 orc priests
  5 hounds
  A gnoll bouda (D:5)
  A sleepcap (D:7)
  Natasha (D:4)
  4 iguanas
  5 orc wizards
  Robin (D:3)
  8 gnolls
  10 adders
  A white imp (D:5)
  3 ufetubi
  2 worms
  3 dart slugs
  31 orcs
  6 endoplasms
  11 giant cockroaches (D:3)
  13 goblins
  8 hobgoblins
  2 jackals (D:3)
  17 kobolds
  3 quokkas
  9 ball pythons
  6 bats
  A frilled lizard (D:2)
  6 rats
194 creatures vanquished.

Vanquished Creatures (collateral kills)
  A gnoll sergeant (D:8)
  A bullfrog (D:8)
  2 wights (D:8)
  An orc (D:8)
  2 kobolds (D:8)
7 creatures vanquished.

Grand Total: 201 creatures vanquished

Notes
Turn   | Place    | Note
-------+----------+-------------------------------------------
     0 | D:1      | buriedalive the Deep Elf Ice Elementalist began the quest
                  | for the Orb.
     0 | D:1      | Reached XP level 1. HP: 10/10 MP: 6/6
   365 | D:1      | Reached XP level 2. HP: 15/15 MP: 6/8
   604 | D:1      | Found a faded altar of an unknown god.
   675 | D:1      | Reached skill level 3 in Dodging
  1174 | D:2      | Reached XP level 3. HP: 19/19 MP: 7/10
  1399 | D:2      | Found Peles's Book Shoppe.
  1799 | D:2      | You fall into a shaft and drop 1 floor!
  1970 | D:3      | Reached skill level 5 in Ice Magic
  1970 | D:3      | Reached XP level 4. HP: 11/24 MP: 7/12
  2224 | D:3      | Noticed Robin
  2239 | D:4      | Noticed Natasha
  2355 | D:4      | Reached skill level 4 in Dodging
  2379 | D:4      | Learned a level 3 spell: Ozocubu's Armour
  2383 | D:4      | Learned a level 3 spell: Frozen Ramparts
  2768 | D:4      | Reached XP level 5. HP: 23/28 MP: 11/14
  3381 | D:4      | Reached skill level 5 in Spellcasting
  3529 | D:4      | Got the Dissertation on the Iron Fairies
  3616 | D:3      | Killed Robin
  4219 | D:3      | Reached XP level 6. HP: 26/32 MP: 11/15
  4233 | D:3      | Noticed Sigmund
  4261 | D:3      | Killed Sigmund
  4262 | D:3      | Reached skill level 5 in Dodging
  4463 | D:4      | Learned a level 4 spell: Summon Ice Beast
  4726 | D:4      | Killed Natasha
  4807 | D:4      | Reached skill level 6 in Dodging
  4807 | D:4      | Reached XP level 7. HP: 36/36 MP: 11/16
  4892 | D:5      | Entered Level 5 of the Dungeon
  6487 | D:5      | Reached skill level 7 in Dodging
  7013 | D:5      | Reached XP level 8. HP: 37/41 MP: 7/17
  7461 | D:6      | Reached skill level 8 in Dodging
  7522 | D:6      | Noticed Grinder
  7543 | D:6      | Killed Grinder
  7886 | D:6      | Reached skill level 9 in Dodging
  8093 | D:6      | Found a staircase to the Ecumenical Temple.
  8099 | Temple   | Entered the Ecumenical Temple
  8262 | Temple   | Became a worshipper of Vehumet
  8508 | D:6      | Found an iron altar of Okawaru.
  8637 | D:6      | Reached skill level 10 in Dodging
  8637 | D:6      | Reached skill level 1 in Summonings
  9014 | D:6      | Found a shimmering blue altar of Sif Muna.
  9228 | D:6      | Noticed Menkaure
  9240 | D:6      | Killed Menkaure
  9241 | D:6      | Reached skill level 1 in Fighting
  9385 | D:6      | Noticed Blork the orc
  9394 | D:6      | Killed Blork the orc
  9395 | D:6      | Reached XP level 9. HP: 47/47 MP: 10/18
  9849 | D:6      | Found a runed translucent door.
  9850 | D:6      | Noticed Crazy Yiuf
  9856 | D:6      | Killed Crazy Yiuf
 10627 | D:7      | Reached skill level 5 in Summonings
 10943 | D:7      | Found Qilylayv's Mayhem Merchandise.
 11480 | D:8      | Reached * piety under Vehumet
 11480 | D:8      | Offered knowledge of Shock by Vehumet.
 11818 | D:8      | Noticed a two-headed ogre
 11828 | D:8      | Killed a two-headed ogre
 11829 | D:8      | Reached skill level 5 in Fighting
 11829 | D:8      | Reached XP level 10. HP: 37/59 MP: 6/19
 12545 | D:8      | Killed from afar by an electric eel

Illustrated notes

Levels and vault maps discovered:
D:1:      dpeg_arrival_rhombi, layout_basic, hellmonk_ecumenical_altar_blasted
D:2:      layout_rooms, serial_shops, shop
D:3:      minmay_roachtagon, layout_loops_ring, uniq_sigmund, uniq_robin
D:4:      layout_basic, uniq_natasha
D:5:      minmay_diamond_boxcup, layout_layer_cave
D:6:      layout_loops_corners, led_sif_pool, kennysheep_okawaru_gauntlet,
          minmay_temple_entry_wispy, kennysheep_crisscross,
          uniq_crazy_yiuf_cottage, uniq_blork_the_orc, uniq_grinder,
          uniq_menkaure
D:7:      layout_basic, st_stairs_9, grunt_ministairs_9, minmay_shop_mayhem,
          serial_park_tiny_2
D:8:      layout_gridville, lightli_minifort
Temple:   nicolae_temple_bog_church

Skill      XL: |  1  2  3  4  5  6  7  8  9 |
---------------+----------------------------+-----
Dodging        | 3 4 6 7 10 | 10.0
Spellcasting   | 4 5 |  5.0
Ice Magic      | 5 6 8 9 |  9.0
Summonings     | 3 7 |  7.4
Fighting       | 1 5 |  5.3
Stealth        | |  2.4

Action                     |  1- 3 |  4- 6 |  7- 9 | 10-12 || total
---------------------------+-------+-------+-------+-------++-------
  Melee: Dagger            |    29 |    42 |       |       ||    71
         Whip              |     2 |    46 |   217 |     3 ||   268
         Punch             |     1 |       |     1 |       ||     2
  Throw: Dart              |       |     1 |     3 |       ||     4
   Cast: Freeze            |    40 |    54 |    60 |     3 ||   157
         Frozen Ramparts   |       |     8 |    40 |     2 ||    50
         Ozocubu's Armour  |       |     5 |    29 |     2 ||    36
         Summon Ice Beast  |       |       |     4 |     4 ||     8
  Evoke: Wand              |       |     1 |     1 |       ||     2
    Use: Potion            |       |     3 |     1 |       ||     4
         Scroll            |       |    12 |     6 |       ||    18
   Stab: Sleeping          |     4 |     1 |     3 |       ||     8
 Armour: Robe              |    10 |    17 |       |       ||    27
         Leather armour    |       |    14 |    84 |    11 ||   109
  Dodge: Dodged            |    35 |   112 |   220 |    24 ||   391
